 Dungeon Crawl Stone Soup version 0.29.0-4-gdea44cf6ec (webtiles) character file.

Game seed: 16834082844904764437

121 qw the Ruffian (level 5, -6/41 HPs)
             Began as a Ghoul Fire Elementalist on Aug 29, 2022.
             Killed from afar by Sigmund (8 damage)
             ... with a bolt of light
             ... on level 3 of the Dungeon.
             The game lasted 00:02:49 (4047 turns).

qw the Ruffian (Ghoul Fire Elementalist)            Turns: 4047, Time: 00:02:51

Health: -6/41      AC:  4    Str: 14    XL:     5   Next: 5%
Magic:  6/6        EV: 11    Int: 10    God:
Gold:   144        SH:  0    Dex:  9    Spells: 6/7 levels left

rFire   . . .      SeeInvis .     - Unarmed
rCold   + . .      Faith    .   (no shield)
rNeg    + + +      Spirit   .   e - +0 leather armour
rPois   inf        Reflect  .   a - +0 helmet
rElec   .          Harm     .   (no cloak)
rCorr   .          Rampage  .   (no gloves)
Will    .....                   (no boots)
Stlth   +.........              (no amulet)
HPRegen 0.00/turn               f - +4 ring of slaying {mikee}
MPRegen 0.10/turn               (no ring)

@: about to teleport, inhibited regen
A: claws 1, cold resistance 1, negative energy resistance 3, inhibited
regeneration, torment resistance 2, devour on kill
a: no special abilities


You were on level 3 of the Dungeon.
You visited 1 branch of the dungeon, and saw 3 of its levels.

You collected 144 gold pieces.


Innate Abilities, Weirdness & Mutations

You are immune to poison.
You have sharp fingernails.
Your flesh is cold resistant. (rC+)
You are immune to negative energy. (rN+++)
You do not regenerate when monsters are visible.
You are immune to unholy pain and torment.
You thrive by killing the living.


   Skills:
 - Level 2.0 Fighting
 - Level 1.7 Dodging
 - Level 2.1 Stealth
 + Level 4.3 Unarmed Combat
 - Level 1.7 Spellcasting
 - Level 0.7 Conjurations
 - Level 2.4 Fire Magic


You had 6 spell levels left.
You knew the following spells:

 Your Spells              Type           Power      Damage    Failure   Level
a - Foxfire               Conj/Fire      16%        2x1d4     22%         1

Your spell library contained the following spells:

 Spells                   Type           Power      Damage    Failure   Level
 Scorch                   Fire           10%        2d6       22%         2
 Conjure Flame            Conj/Fire      4%         6-21      54%         3
 Inner Flame              Hex/Fire       3%         N/A       58%         3
 Flame Wave               Conj/Fire      4%         2d5       91%         4

Inventory:

Missiles
 o - 2 javelins (quivered)
Armour
 a - a +0 helmet (worn)
 b - a +0 chain mail
 e - a +0 leather armour (worn)
 m - a scarf of shadows
Jewellery
 f - a +4 ring of slaying (left claw) {mikee}
Scrolls
 d - 3 scrolls of identify
 p - a scroll of enchant weapon
Potions
 c - a potion of heal wounds {unknown}
 g - a potion of lignification {unknown}
 h - a potion of brilliance {unknown}
 i - a potion of curing {unknown}
 k - a potion of mutation {unknown}
 l - a potion of might {unknown}
 n - a potion of attraction {unknown}

Dungeon Overview and Level Annotations

Branches:
Dungeon (3/15)

Altars:
Gozag

Annotations:
D:3 Sigmund


Message History

You throw a javelin. The javelin pierces through the goblin!
You kill the goblin!
o - 2 javelins (gained 1)
You see here a +0 club.
A dart slug comes into view.
The dart slug bites you but does no damage.
You scratch the dart slug. You claw the dart slug.
You kill the dart slug!
You see here a dart slug corpse.
Sigmund the Dreaded comes into view.
He is wielding a +0 scythe and carrying a wand of light (5).
Sigmund shouts!
Found a scroll labelled MYSKEMECOH.
Sigmund gestures at you while chanting. The puff of flame hits you.
You scratch Sigmund.
Sigmund is moderately wounded.
Sigmund hits you with a +0 scythe.
You barely miss Sigmund.
Sigmund is moderately wounded.
You claw Sigmund!
Sigmund is heavily wounded.
Sigmund hits you with a +0 scythe!
You closely miss Sigmund.
Sigmund is heavily wounded.
You barely miss Sigmund.
Sigmund is heavily wounded.
Sigmund hits you with a +0 scythe.
You scratch Sigmund.
Sigmund is heavily wounded.
Sigmund misses you.
You closely miss Sigmund. You claw Sigmund.
Sigmund is severely wounded.
You closely miss Sigmund.
Sigmund is severely wounded.
Sigmund zaps a wand.
The bolt of light hits you!
4047 ||| READING scroll of teleportation.
As you read the scroll of teleportation, it crumbles to dust.
You feel strangely unstable.
Sigmund zaps a wand.
The bolt of light hits you!
You die...

####.# ....%# .. ####.#
##.# ## #.# ..# .# #.#
###.### .###.# #.....#
##
<.##.###.###.....###....
.................@.....?
..........##....@#
#.......#.##.....#
#.......# ####.###
#.......# #.# >.#...###
#.# ..#...# #%# #######
#.# #.. #.#### ####.#
#...)#


You could see Sigmund.

Vanquished Creatures
  Robin (D:2)
  3 adders
  2 worms
  2 dart slugs (D:3)
  2 orcs (D:3)
  6 endoplasms
  2 giant cockroaches
  10 goblins
  8 hobgoblins
  7 jackals
  A quokka (D:2)
  4 ball pythons
  5 bats
  3 frilled lizards
  7 kobolds
  5 rats
68 creatures vanquished.

Notes
Turn   | Place    | Note
-------+----------+-------------------------------------------
     0 | D:1      | qw the Ghoul Fire Elementalist began the quest for the Orb.
     0 | D:1      | Reached XP level 1. HP: 14/14 MP: 2/2
     0 | D:1      | 0 ||| qw: Version: 0.1-a-90-g952f4b7
     0 | D:1      | 0 ||| qw: Game counter: 3762
     0 | D:1      | 0 ||| qw: Always use a shield: true
     0 | D:1      | 0 ||| qw: God list: Okawaru
     0 | D:1      | 0 ||| qw: Allow faded altars: false
     0 | D:1      | 0 ||| qw: Do Orc after D:15 true
     0 | D:1      | 0 ||| qw: Do second Lair branch before Depths: true
     0 | D:1      | 0 ||| qw: Lair rune preference: random
     0 | D:1      | 0 ||| qw: Plans: Normal
     0 | D:1      | 0 ||| PLANNING D:1-11
   195 | D:1      | HP: 3/14 [goblin/+0 club (3)]
   196 | D:1      | HP: 1/14 [frozen (2)]
   197 | D:1      | Reached skill level 1 in Unarmed Combat
   520 | D:1      | Reached XP level 2. HP: 22/22 MP: 3/3
   559 | D:1      | Reached skill level 1 in Fighting
   627 | D:1      | 627 ||| Stepping ~*~*~tactically~*~*~ (outnumbered).
   724 | D:1      | 724 ||| Stepping ~*~*~tactically~*~*~ (outnumbered).
   728 | D:1      | 728 ||| Stepping ~*~*~tactically~*~*~ (outnumbered).
   905 | D:1      | Reached skill level 2 in Unarmed Combat
   966 | D:1      | 966 ||| Stepping ~*~*~tactically~*~*~ (stealth).
   967 | D:1      | 967 ||| Stepping ~*~*~tactically~*~*~ (stealth).
   969 | D:1      | 969 ||| Stepping ~*~*~tactically~*~*~ (stealth).
  1155 | D:1      | Reached XP level 3. HP: 28/28 MP: 4/4
  1214 | D:1      | 1214 ||| Stepping ~*~*~tactically~*~*~ (stealth).
  1216 | D:1      | 1216 ||| Stepping ~*~*~tactically~*~*~ (stealth).
  1547 | D:1      | 1547 ||| UPGRADING to +4 ring of slaying {mikee}.
  1548 | D:1      | 1548 ||| READING scroll labelled XEOXTIXUFF.
  1549 | D:1      | 1549 ||| READING scroll labelled OPROEN DYLE.
  1550 | D:1      | 1550 ||| DROPPING potion of magic.
  1618 | D:2      | 1618 ||| Stepping ~*~*~tactically~*~*~ (stealth).
  1626 | D:2      | Reached skill level 3 in Unarmed Combat
  1765 | D:2      | 1765 ||| Stepping ~*~*~tactically~*~*~ (stealth).
  1767 | D:2      | 1767 ||| Stepping ~*~*~tactically~*~*~ (stealth).
  1769 | D:2      | 1769 ||| Stepping ~*~*~tactically~*~*~ (stealth).
  1772 | D:2      | 1772 ||| Stepping ~*~*~tactically~*~*~ (stealth).
  1773 | D:2      | 1773 ||| Stepping ~*~*~tactically~*~*~ (stealth).
  1774 | D:2      | 1774 ||| Stepping ~*~*~tactically~*~*~ (stealth).
  1836 | D:2      | HP: 6/28 [worm (5)]
  2052 | D:2      | 2052 ||| Stepping ~*~*~tactically~*~*~ (stealth).
  2054 | D:2      | 2054 ||| Stepping ~*~*~tactically~*~*~ (stealth).
  2059 | D:2      | 2059 ||| Stepping ~*~*~tactically~*~*~ (stealth).
  2061 | D:2      | 2061 ||| Stepping ~*~*~tactically~*~*~ (stealth).
  2069 | D:2      | Reached XP level 4. HP: 35/35 MP: 5/5
  2625 | D:2      | Noticed Robin
  2626 | D:2      | 2626 ||| Stepping ~*~*~tactically~*~*~ (hiding).
  2655 | D:2      | 2655 ||| Stepping ~*~*~tactically~*~*~ (outnumbered).
  2662 | D:2      | Killed Robin
  2663 | D:2      | Reached skill level 4 in Unarmed Combat
  2665 | D:2      | 2665 ||| FLEEEEING.
  2666 | D:2      | 2666 ||| FLEEEEING.
  2667 | D:2      | 2667 ||| FLEEEEING.
  2668 | D:2      | 2668 ||| FLEEEEING.
  2669 | D:2      | 2669 ||| FLEEEEING.
  2670 | D:2      | 2670 ||| FLEEEEING.
  2671 | D:2      | 2671 ||| FLEEEEING.
  2672 | D:2      | 2672 ||| FLEEEEING.
  2673 | D:2      | 2673 ||| FLEEEEING.
  2674 | D:2      | 2674 ||| FLEEEEING.
  2675 | D:2      | 2675 ||| FLEEEEING.
  2676 | D:2      | 2676 ||| FLEEEEING.
  2677 | D:2      | 2677 ||| FLEEEEING.
  2678 | D:2      | 2678 ||| FLEEEEING.
  2679 | D:2      | 2679 ||| FLEEEEING.
  2680 | D:2      | 2680 ||| FLEEEEING.
  2681 | D:2      | 2681 ||| FLEEEEING.
  2682 | D:2      | 2682 ||| FLEEEEING.
  2683 | D:2      | 2683 ||| FLEEEEING.
  2684 | D:2      | 2684 ||| FLEEEEING.
  2685 | D:2      | 2685 ||| FLEEEEING.
  2686 | D:2      | 2686 ||| FLEEEEING.
  2687 | D:2      | 2687 ||| FLEEEEING.
  2688 | D:2      | 2688 ||| FLEEEEING.
  2689 | D:2      | 2689 ||| FLEEEEING.
  2690 | D:2      | 2690 ||| FLEEEEING.
  2691 | D:2      | 2691 ||| FLEEEEING.
  2692 | D:2      | 2692 ||| FLEEEEING.
  2693 | D:2      | 2693 ||| FLEEEEING.
  2694 | D:2      | 2694 ||| FLEEEEING.
  2695 | D:2      | 2695 ||| FLEEEEING.
  2696 | D:2      | 2696 ||| FLEEEEING.
  2697 | D:2      | 2697 ||| FLEEEEING.
  2698 | D:2      | 2698 ||| FLEEEEING.
  2699 | D:2      | 2699 ||| FLEEEEING.
  2700 | D:2      | 2700 ||| FLEEEEING.
  2701 | D:2      | 2701 ||| FLEEEEING.
  2702 | D:2      | 2702 ||| FLEEEEING.
  2703 | D:2      | 2703 ||| FLEEEEING.
  2704 | D:2      | 2704 ||| FLEEEEING.
  2705 | D:2      | 2705 ||| FLEEEEING.
  2706 | D:2      | 2706 ||| FLEEEEING.
  2708 | D:2      | 2708 ||| FLEEEEING.
  2710 | D:2      | 2710 ||| FLEEEEING.
  2711 | D:2      | 2711 ||| FLEEEEING.
  2712 | D:2      | 2712 ||| FLEEEEING.
  2713 | D:2      | 2713 ||| FLEEEEING.
  2714 | D:2      | 2714 ||| FLEEEEING.
  2715 | D:2      | 2715 ||| FLEEEEING.
  2716 | D:2      | 2716 ||| FLEEEEING.
  2717 | D:2      | 2717 ||| FLEEEEING.
  2718 | D:2      | 2718 ||| FLEEEEING.
  2719 | D:2      | 2719 ||| FLEEEEING.
  2720 | D:2      | 2720 ||| FLEEEEING.
  2721 | D:2      | 2721 ||| FLEEEEING.
  2722 | D:2      | 2722 ||| FLEEEEING.
  2723 | D:2      | 2723 ||| FLEEEEING.
  2724 | D:2      | 2724 ||| FLEEEEING.
  2725 | D:2      | 2725 ||| FLEEEEING.
  2726 | D:2      | 2726 ||| FLEEEEING.
  2727 | D:2      | 2727 ||| FLEEEEING.
  2728 | D:2      | 2728 ||| FLEEEEING.
  2729 | D:2      | 2729 ||| FLEEEEING.
  2730 | D:2      | 2730 ||| FLEEEEING.
  2731 | D:2      | 2731 ||| FLEEEEING.
  2732 | D:2      | 2732 ||| FLEEEEING.
  2733 | D:2      | 2733 ||| FLEEEEING.
  2734 | D:2      | 2734 ||| FLEEEEING.
  2735 | D:2      | 2735 ||| FLEEEEING.
  2736 | D:2      | 2736 ||| FLEEEEING.
  2737 | D:2      | 2737 ||| FLEEEEING.
  2738 | D:2      | 2738 ||| FLEEEEING.
  2739 | D:2      | 2739 ||| FLEEEEING.
  2740 | D:2      | 2740 ||| FLEEEEING.
  2741 | D:2      | 2741 ||| FLEEEEING.
  2742 | D:2      | 2742 ||| FLEEEEING.
  2743 | D:2      | 2743 ||| FLEEEEING.
  2744 | D:2      | 2744 ||| FLEEEEING.
  2745 | D:2      | 2745 ||| FLEEEEING.
  2746 | D:2      | 2746 ||| FLEEEEING.
  2748 | D:2      | 2748 ||| FLEEEEING.
  2749 | D:2      | 2749 ||| STAIRDANCE
  2881 | D:1      | 2881 ||| UPGRADING to +0 leather armour.
  2891 | D:1      | 2891 ||| DROPPING +0 robe.
  2892 | D:1      | 2892 ||| READING scroll labelled JUYCAU XOEGG.
  2893 | D:1      | 2893 ||| READING scroll labelled WIODAO SEOKK.
  3171 | D:2      | 3171 ||| Stepping ~*~*~tactically~*~*~ (stealth).
  3233 | D:2      | 3233 ||| UPGRADING to +0 helmet.
  3238 | D:2      | 3238 ||| READING scroll labelled DOUNLIR KAME.
  3314 | D:3      | 3314 ||| Stepping ~*~*~tactically~*~*~ (stealth).
  3368 | D:3      | 3368 ||| Stepping ~*~*~tactically~*~*~ (hiding).
  3471 | D:3      | 3471 ||| Stepping ~*~*~tactically~*~*~ (hiding).
  3589 | D:3      | Found an opulent altar of Gozag.
  3750 | D:3      | 3750 ||| Stepping ~*~*~tactically~*~*~ (stealth).
  3755 | D:3      | 3755 ||| Stepping ~*~*~tactically~*~*~ (outnumbered).
  3756 | D:3      | 3756 ||| Stepping ~*~*~tactically~*~*~ (outnumbered).
  3881 | D:3      | Reached XP level 5. HP: 41/41 MP: 6/6
  4036 | D:3      | Noticed Sigmund
  4046 | D:3      | HP: 2/41 [Sigmund/bolt of light (15)]
  4047 | D:3      | 4047 ||| READING scroll of teleportation.
  4047 | D:3      | Killed from afar by Sigmund

Levels and vault maps discovered:
D:1:      elethiomel_arrival_infinity_welcomes_careful_drivers, layout_rooms,
          kennysheep_boxes
D:2:      layout_basic, chequers_arboretum, kennysheep_generic_room_11,
          uniq_crazy_yiuf_cottage, uniq_robin
D:3:      layout_loops_ring, mainiacjoe_overflow_surrounded_room,
          chequers_ecumenical_altar_island, uniq_jessica, uniq_sigmund

Skill      XL: |  1  2  3  4 |
---------------+-------------+-----
Unarmed Combat | 1 2 3 4 |  4.3
Fighting       | 1 2 |  2.0
Dodging        | |  1.7
Stealth        | |  2.1
Spellcasting   | |  1.7
Conjurations   | |  0.7
Fire Magic     | |  2.4

Action                   |  1- 3 |  4- 6 || total
-------------------------+-------+-------++-------
Melee: Unarmed           |   143 |    57 ||   200
       Punch             |     3 |     3 ||     6
Throw: Javelin           |       |    24 ||    24
  Use: Scroll            |     2 |     4 ||     6
 Stab: Sleeping          |     1 |       ||     1
Armor: Robe              |    29 |     1 ||    30
       Leather armour    |       |     5 ||     5
Dodge: Dodged            |    85 |    17 ||   102

Table legend:
 A = Non-vault XP
 B = Vault XP
 C = Vault XP percentage of total XP
 D = Non-vault monster count
 E = Vault monster count
 F = Vault count percentage of total count
                 A         B        C        D         E       F
            +---------+---------+-------+---------+---------+-------
      Total |     130 |      44 |  25.3 |      58 |      10 |  14.7
            +---------+---------+-------+---------+---------+-------
        D:1 |      43 |       0 |   0.0 |      26 |       0 |   0.0
        D:2 |      29 |      44 |  60.3 |      17 |      10 |  37.0
        D:3 |      58 |       0 |   0.0 |      15 |       0 |   0.0
            +---------+---------+-------+---------+---------+-------
